MID
QUAD CITIES RIVER BANDITS @ DAYTON DRAGONS
05/12/2099
 
TOP OF THE 1ST
Quad Cities River Bandits batting - Pitching for Dayton Dragons : RHP Jose Riojas
Pitching: RHP Jose Riojas
Batting: RHB Dave Orme 0-0: Called Strike
0-1: Swinging Strike
0-2: Ball
1-2: Ball
2-2: Strikes out swinging
Batting: RHB Chris Oakley 0-0: Called Strike
0-1: Fly out, F8 (Flyball, 8LXD, EV 106.3 MPH)
Batting: RHB Cody Shuman 0-0: Ball
1-0: Called Strike
1-1: Ball
2-1: Swinging Strike
2-2: DOUBLE (Line Drive, 8LXD, EV 102.5 MPH)
Batting: LHB Dana Welch 0-0: DOUBLE (Line Drive, 5D, EV 109.4 MPH)
Cody Shuman scores
Batting: RHB Evan White 0-0: Ball
1-0: Ball
2-0: Ball
3-0: Called Strike
3-1: Swinging Strike
3-2: Base on Balls
Batting: LHB Chris Sharpe 0-0: Foul Ball, location: 5SF
0-1: Ground out 6-3 (Groundball, P, EV 82.5 MPH)
Top of the 1st over - 1 run, 2 hits, 0 errors, 2 left on base; Quad Cities 1 - Dayton 0
BOTTOM OF THE 1ST
Dayton Dragons batting - Pitching for Quad Cities River Bandits : RHP Juan Gomez
Pitching: RHP Juan Gomez
Batting: LHB Liosvany Koehler 0-0: Fly out, F9 (Line Drive, 89M, EV 92.5 MPH)
Batting: LHB Troy Gallagher 0-0: Called Strike
0-1: Ground out U3 (Groundball, 34, EV 81.3 MPH)
Batting: LHB Josh Southerland 0-0: Ball
1-0: Fly out, F9 (Flyball, 8RM, EV 79.4 MPH)
Bottom of the 1st over - 0 runs, 0 hits, 0 errors, 0 left on base; Quad Cities 1 - Dayton 0
TOP OF THE 2ND
Quad Cities River Bandits batting - Pitching for Dayton Dragons : RHP Jose Riojas
Batting: RHB Adam Reid 0-0: Ball
1-0: Called Strike
1-1: Ball
2-1: Called Strike
2-2: Foul Ball, location: 25FF
2-2: Ball
3-2: Strikes out looking
Batting: RHB Chase Bavaro 0-0: Ball
1-0: Ball
2-0: Ball
3-0: Base on Balls
Batting: LHB Dan Deible 0-0: Ball
1-0: Foul Ball, location: 7LSF
1-1: Ball
2-1: Fly out, F5 (Popup, 25F, EV 82.5 MPH)
Batting: RHB Dave Orme 0-0: Called Strike
0-1: Called Strike
0-2: Ball
1-2: Strikes out swinging
Top of the 2nd over - 0 runs, 0 hits, 0 errors, 1 left on base; Quad Cities 1 - Dayton 0
BOTTOM OF THE 2ND
Dayton Dragons batting - Pitching for Quad Cities River Bandits : RHP Juan Gomez
Batting: LHB Enrique Oropeza 0-0: Called Strike
0-1: Ball
1-1: Foul Ball, location: 5FF
1-2: Ball
2-2: Ground out 6-3 (Groundball, 6MD, EV 97.5 MPH)
Batting: RHB Joe Mills 0-0: Ball
1-0: Foul Ball, location: 7LMF
1-1: Ball
2-1: Ground out 5-3 (Groundball, 56, EV 87.5 MPH)
Batting: RHB Jeff Horn 0-0: Ball
1-0: Fly out, F2 (Popup, 25F, EV 78.1 MPH)
Bottom of the 2nd over - 0 runs, 0 hits, 0 errors, 0 left on base; Quad Cities 1 - Dayton 0
TOP OF THE 3RD
Quad Cities River Bandits batting - Pitching for Dayton Dragons : RHP Jose Riojas
Batting: RHB Chris Oakley 0-0: Ground out 5-3 (Groundball, 5, EV 83.1 MPH)
Batting: RHB Cody Shuman 0-0: Foul Ball, location: 2F
0-1: Fly out, F4 (Popup, 4MD, EV 73.8 MPH)
Batting: LHB Dana Welch 0-0: Swinging Strike
0-1: Foul Ball, location: 5SF
0-2: Ball
1-2: Ball
2-2: Strikes out swinging
Top of the 3rd over - 0 runs, 0 hits, 0 errors, 0 left on base; Quad Cities 1 - Dayton 0
BOTTOM OF THE 3RD
Dayton Dragons batting - Pitching for Quad Cities River Bandits : RHP Juan Gomez
Batting: RHB Antonio Villasenor 0-0: Foul Ball, location: 7LDF
0-1: Called Strike
0-2: Strikes out swinging
Batting: RHB Daniel Salinas 0-0: Called Strike
0-1: Ball
1-1: Called Strike
1-2: Strikes out swinging
Batting: RHB Leo Lozoya 0-0: Foul Ball, location: 2F
0-1: Called Strike
0-2: Ball
1-2: Strikes out swinging, 2-3 out at first.
Bottom of the 3rd over - 0 runs, 0 hits, 0 errors, 0 left on base; Quad Cities 1 - Dayton 0
TOP OF THE 4TH
Quad Cities River Bandits batting - Pitching for Dayton Dragons : RHP Jose Riojas
Batting: RHB Evan White 0-0: Ball
1-0: Ball
2-0: Ground out 2-3 (Groundball, 15S, EV 69.4 MPH)
Batting: LHB Chris Sharpe 0-0: Ball
1-0: SINGLE (Line Drive, 8LS, EV 103.8 MPH)
Batting: RHB Adam Reid 0-0: Called Strike
0-1: Called Strike
0-2: Foul Ball, location: 3FF
0-2: Strikes out looking
Batting: RHB Chase Bavaro 0-0: Called Strike
0-1: Ball
1-1: Ball
2-1: Called Strike
2-2: Ball
3-2: Base on Balls
Chris Sharpe to second
Batting: LHB Dan Deible 0-0: Called Strike
0-1: Ball
1-1: Swinging Strike
1-2: Ball
2-2: Strikes out swinging
Top of the 4th over - 0 runs, 1 hit, 0 errors, 2 left on base; Quad Cities 1 - Dayton 0
BOTTOM OF THE 4TH
Dayton Dragons batting - Pitching for Quad Cities River Bandits : RHP Juan Gomez
Batting: LHB Liosvany Koehler 0-0: Foul Ball, location: 3F
0-1: Called Strike
0-2: Strikes out swinging
Batting: LHB Troy Gallagher 0-0: Ball
1-0: DOUBLE (Flyball, 8LXD, EV 113.1 MPH)
Batting: LHB Josh Southerland 0-0: Fly out, F8 (Line Drive, 78M, EV 91.3 MPH)
Batting: LHB Enrique Oropeza 0-0: Ball
1-0: Ball
2-0: Ball
3-0: Called Strike
3-1: Called Strike
Pickoff Throw to Second - Error! E1
Troy Gallagher to third
3-2: Base on Balls
Batting: RHB Joe Mills 0-0: Called Strike
0-1: Ball
1-1: Foul Ball, location: 7LSF
1-2: Fly out, F2 (Popup, 25F, EV 85.0 MPH)
Bottom of the 4th over - 0 runs, 1 hit, 1 error, 2 left on base; Quad Cities 1 - Dayton 0
TOP OF THE 5TH
Quad Cities River Bandits batting - Pitching for Dayton Dragons : RHP Jose Riojas
Batting: RHB Dave Orme 0-0: Swinging Strike
0-1: Ball
1-1: Swinging Strike
1-2: Strikes out swinging
Batting: RHB Chris Oakley 0-0: Ball
1-0: Called Strike
1-1: Ball
2-1: SINGLE (Groundball, 6MD, EV 108.8 MPH)
Batting: RHB Cody Shuman 0-0: Ball
1-0: Grounds into double play, 6-4-3 (Groundball, 6, EV 85.0 MPH)
Top of the 5th over - 0 runs, 1 hit, 0 errors, 0 left on base; Quad Cities 1 - Dayton 0
BOTTOM OF THE 5TH
Dayton Dragons batting - Pitching for Quad Cities River Bandits : RHP Juan Gomez
Batting: RHB Jeff Horn 0-0: Fly out, F9 (Line Drive, 89S, EV 94.4 MPH)
Batting: RHB Antonio Villasenor 0-0: Ball
1-0: SINGLE (Groundball, 6MD, EV 100.0 MPH)
Batting: RHB Daniel Salinas 0-0: Called Strike
0-1: Swinging Strike
0-2: Ball
1-2: Ball
2-2: Strikes out swinging
Batting: RHB Leo Lozoya 0-0: Called Strike
0-1: Foul Ball, location: 9LMF
0-2: Strikes out swinging
Bottom of the 5th over - 0 runs, 1 hit, 0 errors, 1 left on base; Quad Cities 1 - Dayton 0
TOP OF THE 6TH
Quad Cities River Bandits batting - Pitching for Dayton Dragons : RHP Jose Riojas
Batting: LHB Dana Welch 0-0: Swinging Strike
0-1: Foul Ball, location: 5FF
0-2: Fly out, F8 (Line Drive, 8RD, EV 85.6 MPH)
Pitching: RHP Chad Greene
Batting: RHB Evan White 0-0: Called Strike
0-1: Ball
1-1: Foul Ball, location: 9LDF
1-2: Ball
2-2: Foul Ball, location: 25F
2-2: Foul Ball, location: 9LDF
2-2: Foul Ball, location: 3F
2-2: Strikes out swinging
Batting: LHB Chris Sharpe 0-0: DOUBLE (Groundball, 3L, EV 105.0 MPH)
Batting: RHB Adam Reid 0-0: Called Strike
0-1: Ball
1-1: Foul Ball, location: 2F
1-2: Strikes out swinging
Top of the 6th over - 0 runs, 1 hit, 0 errors, 1 left on base; Quad Cities 1 - Dayton 0
BOTTOM OF THE 6TH
Dayton Dragons batting - Pitching for Quad Cities River Bandits : RHP Juan Gomez
Batting: LHB Liosvany Koehler 0-0: Foul Ball, location: 3FF
0-1: Ball
1-1: Ball
2-1: Ground out 1-3 (Groundball, 15, EV 63.1 MPH)
Batting: LHB Troy Gallagher 0-0: Ball
1-0: Foul Ball, location: 7LSF
1-1: Ball
2-1: Foul Ball, location: 5DF
2-2: Foul Ball, location: 2F
2-2: Reached on error, E4 (Groundball, 34D, EV 91.3 MPH)
Batting: LHB Josh Southerland 0-0: Fly out, F8 (Flyball, 8LXD, EV 84.4 MPH)
Batting: LHB Enrique Oropeza 0-0: Ground out U3 (Groundball, 3, EV 78.8 MPH)
Bottom of the 6th over - 0 runs, 0 hits, 1 error, 1 left on base; Quad Cities 1 - Dayton 0
TOP OF THE 7TH
Quad Cities River Bandits batting - Pitching for Dayton Dragons : RHP Chad Greene
Batting: RHB Chase Bavaro 0-0: Foul Ball, location: 5SF
0-1: Ball
1-1: Called Strike
1-2: Strikes out swinging
Batting: LHB Dan Deible 0-0: Hit by Pitch
Batting: RHB Dave Orme 0-0: Called Strike
0-1: Foul Ball, location: 25FF
0-2: Fly out, F6 (Flyball, 56D, EV 91.3 MPH)
Batting: RHB Chris Oakley 0-0: Ball
1-0: Foul Ball, location: 23F
1-1: Swinging Strike
1-2: Strikes out swinging
Top of the 7th over - 0 runs, 0 hits, 0 errors, 1 left on base; Quad Cities 1 - Dayton 0
BOTTOM OF THE 7TH
Dayton Dragons batting - Pitching for Quad Cities River Bandits : RHP Juan Gomez
Batting: RHB Joe Mills 0-0: Called Strike
0-1: Ball
1-1: Foul Ball, location: 2F
1-2: SINGLE (Groundball, 4MD, EV 97.5 MPH)
Pinch Hitting: LHB Alec Nieves 0-0: Ball
1-0: Ball
2-0: Ball
3-0: Called Strike
3-1: SINGLE (Line Drive, 78S, EV 94.4 MPH)
Joe Mills to second
Pinch Runner at 2nd Steven Oney:
Batting: RHB Antonio Villasenor 0-0: Called Strike
0-1: Swinging Strike
0-2: Foul Ball, location: 9LSF
0-2: Ball
1-2: Ball
2-2: Ball
3-2: Base on Balls
Steven Oney to third
Alec Nieves to second
Batting: RHB Daniel Salinas 0-0: Ball
1-0: Foul Ball, location: 9LSF
1-1: Ball
2-1: Fly out, F7 (Line Drive, 7, EV 97.5 MPH)
Runner from 3rd tags up, SCORES, throw by LF
Pinch Runner at 2nd Kevin Martin:
Batting: RHB Leo Lozoya 0-0: Ball
1-0: Ball
2-0: Foul Ball, location: 2F
2-1: Ball
3-1: Foul Ball, location: 7LMFF
3-2: Fly out, F9 (Flyball, 89M, EV 78.1 MPH)
Pitching: LHP Edwin Hernandez
Batting: LHB Liosvany Koehler 0-0: Ball
1-0: Foul Ball, location: 2F
1-1: Swinging Strike
1-2: Strikes out swinging
Bottom of the 7th over - 1 run, 2 hits, 0 errors, 2 left on base; Quad Cities 1 - Dayton 1
TOP OF THE 8TH
Quad Cities River Bandits batting - Pitching for Dayton Dragons : RHP Chad Greene
Pitching: RHP Rich Chene
Now in LF: Kevin Martin
Batting: RHB Cody Shuman 0-0: Ball
1-0: Ball
2-0: SOLO HOME RUN (Flyball, 9LD, EV 96.9 MPH), Distance : 347 ft
Batting: LHB Dana Welch 0-0: Ball
1-0: SINGLE (Line Drive, 78S, EV 95.0 MPH)
Batting: RHB Evan White 0-0: Foul Ball, location: 5DF
0-1: Ball
1-1: Foul Ball, location: 3F
1-2: Fly out, F6 (Popup, 15S, EV 83.8 MPH)
Batting: LHB Chris Sharpe 0-0: Ball
1-0: Fly out, F8 (Flyball, 8RXD, EV 108.1 MPH)
Batting: RHB Adam Reid 0-0: Fly out, F7 (Line Drive, 78M, EV 108.8 MPH)
Top of the 8th over - 1 run, 2 hits, 0 errors, 1 left on base; Quad Cities 2 - Dayton 1
BOTTOM OF THE 8TH
Dayton Dragons batting - Pitching for Quad Cities River Bandits : LHP Edwin Hernandez
Pitching: RHP Willie Martinez
Batting: LHB Troy Gallagher 0-0: Ball
1-0: Fly out, F7 (Flyball, 78D, EV 105.6 MPH)
Batting: LHB Josh Southerland 0-0: Called Strike
0-1: Fly out, F5 (Popup, 5DF, EV 71.3 MPH)
Batting: LHB Enrique Oropeza 0-0: SINGLE (Groundball, 34S, EV 72.5 MPH) (infield hit)
Batting: RHB Steven Oney 0-0: Ball
1-0: Called Strike
1-1: Ball
2-1: Ball
3-1: Foul Ball, location: 2F
3-2: Ground out 1-3 (Groundball, 13S, EV 69.4 MPH)
Bottom of the 8th over - 0 runs, 1 hit, 0 errors, 1 left on base; Quad Cities 2 - Dayton 1
TOP OF THE 9TH
Quad Cities River Bandits batting - Pitching for Dayton Dragons : RHP Rich Chene
Batting: RHB Chase Bavaro 0-0: Ball
1-0: Fly out, F5 (Popup, 5F, EV 81.3 MPH)
Batting: LHB Dan Deible 0-0: Ground out 3-1 (Groundball, 34, EV 101.9 MPH)
Batting: RHB Dave Orme 0-0: Called Strike
0-1: Ball
1-1: Ball
2-1: Called Strike
2-2: Foul Ball, location: 7LMF
2-2: Ball
3-2: Ground out 4-3 (Groundball, 4, EV 93.1 MPH)
Top of the 9th over - 0 runs, 0 hits, 0 errors, 0 left on base; Quad Cities 2 - Dayton 1
BOTTOM OF THE 9TH
Dayton Dragons batting - Pitching for Quad Cities River Bandits : RHP Willie Martinez
Batting: LHB Kevin Martin 0-0: Ground out U3 (Groundball, 3, EV 110.0 MPH)
Pinch Hitting: LHB Ed Selvage 0-0: Ball
1-0: DOUBLE (Flyball, 8LXD, EV 105.6 MPH)
Pinch Hitting: RHB Justin Allan 0-0: Foul Ball, location: 3FF
0-1: Ball
1-1: Ball
2-1: Foul Ball, location: 2F
2-2: Ball
3-2: Strikes out swinging
Pinch Hitting: RHB Dan Altman 0-0: Called Strike
0-1: Ball
1-1: Called Strike
1-2: Strikes out swinging
Bottom of the 9th over - 0 runs, 1 hit, 0 errors, 1 left on base; Quad Cities 2 - Dayton 1
Friday, May 3rd , 2024 - OOTP Baseball 24.11 Build 85